 Dungeon Crawl Stone Soup version 0.30-a0-424-g7412bad402 (webtiles) character file.

Game seed: 17656179627334510755

223 Sabo the Digger (level 6, -4/32 HPs)
             Began as a Gargoyle Earth Elementalist on Dec 9, 2022.
             Was a Follower of Vehumet.
             Slain by Edmund
             ... wielding a +4 dire flail of draining
              (16 damage)
             ... on level 4 of the Dungeon.
             The game lasted 00:27:41 (3919 turns).

Sabo the Digger (Gargoyle Earth Elementalist)       Turns: 3919, Time: 00:27:42

Health: -4/32      AC:  8    Str: 11    XL:     6   Next: 0%
Magic:  6/12       EV: 12    Int: 18    God:    Vehumet [*.....]
Gold:   229        SH:  0    Dex: 10    Spells: 9/13 levels left

rFire   + . .      SeeInvis .    l - +0 halberd
rCold   . . .      Faith    .    (shield currently unavailable)
rNeg    + . .      Spirit   .    a - +1 robe
rPois   ∞          Reflect  .    q - +0 helmet
rElec   +          Harm     .    (no cloak)
rCorr   .          Rampage  .    (no gloves)
Will    .....                    (no boots)
Stlth   ++........               (no amulet)
HPRegen 0.25/turn                t - ring of protection from fire
MPRegen 0.13/turn                (no ring)

@: no status effects
A: sickness immunity, AC +4, negative energy resistance 1, electricity
resistance, torment resistance 1, petrification resistance
a: Renounce Religion


You were on level 4 of the Dungeon.
You worshipped Vehumet.
Vehumet was aware of your devotion.
You visited 1 branch of the dungeon, and saw 4 of its levels.

You collected 229 gold pieces.

Inventory:

Hand Weapons
 j - a +4 dagger of holy wrath
 l - a +0 halberd (weapon)
 y - a +0 sling
 z - a +0 whip of flaming
 B - a +0 vorpal hand axe
Missiles
 A - a boomerang
Armour
 a - a +1 robe (worn)
 e - a +0 buckler
 q - a +0 helmet (worn)
 s - the +0 leather armour of the Evening {-Tele rPois rC+ rCorr}
   (You found it on level 2 of the Dungeon)

   rC:        It protects you from cold.
   rPois:     It protects you from poison.
   -Tele:     It prevents most forms of teleportation.
   rCorr:     It protects you from acid and corrosion.
Magical Staves
 d - a staff of air
Jewellery
 t - a ring of protection from fire (left hand)
Wands
 g - a wand of roots (6)
 u - a wand of flame (21)
Scrolls
 i - 2 scrolls of teleportation
 m - 2 scrolls of poison
 n - 2 scrolls of enchant armour
 r - a scroll of magic mapping
 v - a scroll of fear
 w - a scroll of amnesia {unknown}
 x - a scroll of torment {unknown}
 C - a scroll of immolation {unknown}
Potions
 b - 2 potions of magic
 c - 4 potions of heal wounds {unknown}
 f - 2 potions of curing {unknown}
 h - a potion of berserk rage {unknown}
 k - 4 potions of lignification {unknown}
 o - a potion of haste {unknown}
 p - a potion of brilliance {unknown}


   Skills:
 + Level 0.3 Fighting
 + Level 0.9 Short Blades
 + Level 0.7 Polearms
 + Level 1.7 Dodging
 + Level 2.6 Stealth
 + Level 0.1 Shields
 + Level 4.0 Spellcasting
 + Level 0.7 Transmutations
 + Level 5.3 Earth Magic


You had 9 spell levels left.
You knew the following spells:

 Your Spells              Type           Power      Damage    Failure   Level
a - Sandblast             Erth           44%        2d11      1%          1
b - Stone Arrow           Conj/Erth      26%        3d8       14%         3

Your spell library contained the following spells:

 Spells                   Type           Power      Damage    Failure   Level
 Kiss of Death            Conj/Necr      12%        2d6       14%         1
 Passwall                 Tmut/Erth      11%        N/A       6%          2
 Ensorcelled Hibernation  Hex/Ice        6%         N/A       22%         2
 Petrify                  Tmut/Erth      14%        N/A       38%         4
 Swiftness                Air            3%         N/A       41%         3


Dungeon Overview and Level Annotations

Branches:
Dungeon (4/15)
 Temple: D:4-7

Altars:
Vehumet

Annotations:
D:4 Edmund, Ijyb


Innate Abilities, Weirdness & Mutations

You are immune to sickness and miasma.
Your stone body is resilient. (AC +4)
You are immune to poison.
You resist negative energy. (rN+)
You are resistant to electric shocks. (rElec)
You are resistant to unholy torment.
You are immune to petrification.


Message History

Press: ? - help, Shift-Dir - straight line, f - Edmund
Aim: Edmund, wielding a +4 dire flail of draining and wearing a +1 chain mail of willpower (87% to hit)
The blast of sand hits Edmund but does no damage.
Casting: Sandblast (safe; 1% risk of failure)
Confirm with . or Enter, or press ? or * to list all spells.
Aiming: Sandblast (safe; 1% risk of failure)
Press: ? - help, Shift-Dir - straight line, f/p - Edmund
Aim: Edmund, wielding a +4 dire flail of draining and wearing a +1 chain mail of willpower (87% to hit)
The blast of sand hits Edmund but does no damage.
Edmund says, "People think my brother is the best.
I think he's crazy."
Edmund misses you.
Unknown command.
Casting: Sandblast (safe; 1% risk of failure)
Confirm with . or Enter, or press ? or * to list all spells.
Aiming: Sandblast (safe; 1% risk of failure)
Press: ? - help, Shift-Dir - straight line, f/p - Edmund
Aim: Edmund, wielding a +4 dire flail of draining and wearing a +1 chain mail of willpower (87% to hit)
The blast of sand hits Edmund.
Edmund is lightly wounded.
Edmund hits you with a +4 dire flail of draining!
Unknown command.
Casting: Sandblast (safe; 1% risk of failure)
Confirm with . or Enter, or press ? or * to list all spells.
Aiming: Sandblast (safe; 1% risk of failure)
Press: ? - help, Shift-Dir - straight line, f/p - Edmund
Aim: Edmund, wielding a +4 dire flail of draining and wearing a +1 chain mail of willpower (lightly wounded, 87% to hit)
The blast of sand hits Edmund!
Edmund is heavily wounded.
Edmund barely misses you.
Edmund hits you with a +4 dire flail of draining!
Casting: Sandblast (safe; 1% risk of failure)
Confirm with . or Enter, or press ? or * to list all spells.
Aiming: Sandblast (safe; 1% risk of failure)
Press: ? - help, Shift-Dir - straight line, f/p - Edmund
Aim: Edmund, wielding a +4 dire flail of draining and wearing a +1 chain mail of willpower (heavily wounded, 87% to hit)
The blast of sand hits Edmund but does no damage.
Edmund is heavily wounded.
Edmund hits you with a +4 dire flail of draining!
Ouch! That really hurt!
You die...

......##....####
#......#####
..)..###...##
###......... .....#
#.### ##..........
###### #.#
#........... ..#
#........... ##.#
#####........... ..#
##............... .#
####..###.<.....)...
#.@@.## ##.>........
#...#### ##.........
...).### ##########
...... #####
..##############
#......<.......#
##############.) ###


You could see Edmund.

Vanquished Creatures
  An orc priest (D:3)
  Robin (D:4)
  7 gnolls
  4 adders
  3 orcs (D:3)
  2 bats (D:3)
  4 endoplasms
  3 giant cockroaches
  15 goblins
  7 hobgoblins
  5 jackals
  5 quokkas
  5 ball pythons
  5 frilled lizards
  7 kobolds
  3 rats
77 creatures vanquished.

Notes
Turn   | Place    | Note
-------+----------+-------------------------------------------
     0 | D:1      | Sabo the Gargoyle Earth Elementalist began the quest for
                  | the Orb.
     0 | D:1      | Reached XP level 1. HP: 10/10 MP: 3/3
   174 | D:1      | Reached XP level 2. HP: 15/15 MP: 0/5
   186 | D:1      | Reached skill level 4 in Earth Magic
  1254 | D:2      | Reached XP level 3. HP: 19/19 MP: 2/7
  1509 | D:2      | Reached XP level 4. HP: 24/24 MP: 3/8
  1760 | D:2      | Identified the +0 leather armour of the Evening {-Tele
                  | rPois rC+ rCorr}
  2013 | D:2      | Learned a level 3 spell: Stone Arrow
  2212 | D:3      | You fall into a shaft and drop 1 floor!
  2310 | D:4      | Found a radiant altar of Vehumet.
  2389 | D:4      | Became a worshipper of Vehumet
  2409 | D:4      | Noticed Ijyb
  2747 | D:3      | Reached XP level 5. HP: 28/28 MP: 5/10
  2752 | D:3      | Reached skill level 5 in Earth Magic
  3703 | D:4      | Reached * piety under Vehumet
  3703 | D:4      | Offered knowledge of Kiss of Death by Vehumet.
  3705 | D:4      | Noticed Robin
  3713 | D:4      | Killed Robin
  3909 | D:4      | Reached XP level 6. HP: 32/32 MP: 10/12
  3910 | D:4      | Noticed Edmund
  3919 | D:4      | Slain by Edmund

Illustrated notes

Levels and vault maps discovered:
D:1:      co_arrival_random_square_maze, layout_loops_ring, minmay_tetromino_o2
D:2:      layout_loops_ring, wad_floor_pattern_1, kennysheep_boxes
D:3:      layout_basic, serial_corexii_hall, chequers_hall_statues_wall_a,
          chequers_hall_statues_corner_a, kennysheep_generic_room_12
D:4:      layout_rooms, vehumet_altar_wand_db, uniq_ijyb, uniq_robin,
          uniq_edmund

Skill      XL: |  1  2  3  4  5 |
---------------+----------------+-----
Earth Magic    | 4 5 |  5.3
Spellcasting   | 3 4 |  4.0
Fighting       | |  0.3
Short Blades   | |  0.9
Polearms       | |  0.7
Dodging        | |  1.7
Stealth        | |  2.6
Shields        | |  0.1
Transmutations | |  0.7

Action                   |  1- 3 |  4- 6 || total
-------------------------+-------+-------++-------
Melee: Dagger            |    10 |       ||    10
       Club              |     7 |       ||     7
       Staff             |     5 |       ||     5
       Halberd           |       |    20 ||    20
 Cast: Sandblast         |    41 |    67 ||   108
  Use: Scroll            |       |     6 ||     6
Armor: Robe              |    17 |    21 ||    38
Dodge: Dodged            |    28 |    47 ||    75
Block: Buckler           |     3 |       ||     3

Table legend: (Time is in decaauts)
 A = Elapsed time spent in this place.
 B = Non-inter-level travel time spent in this place.
 C = Inter-level travel time spent in this place.
 D = Time resting spent in this place.
 E = Time spent auto-exploring this place.
 F = Levels seen in this place.
 G = Mean time per level.
                   A        B        C        D        E       F      G
               +--------+--------+--------+--------+--------+-----+--------+
         Total |   3978 |   3978 |      0 |    923 |      0 |   4 |  994.5 |
       Dungeon |   3978 |   3978 |      0 |    923 |      0 |   4 |  994.5 |
               +--------+--------+--------+--------+--------+-----+--------+

Top non-repeatable levels by time:
     D:1: 1208 daAuts
     D:3: 1174 daAuts
     D:2: 946 daAuts
     D:4: 648 daAuts
